 Dungeon Crawl Stone Soup version 0.31-a0-161-gb58dd9be76 (webtiles) character file.

Game seed: 3331899065559379314

2680 avis the Ducker (level 9, -2/40 HPs)
             Began as a Felid Summoner on June 12, 2023.
             Was an Initiate of Gozag.
             Killed by an exploding themself (35 damage)
             ... ignited by their inner flame
             ... on level 7 of the Dungeon on June 13, 2023.
             The game lasted 01:51:07 (11164 turns).

avis the Ducker (Felid Summoner)                   Turns: 11164, Time: 01:51:08

Health: -2/40      AC:  2    Str:  4    XL:     9   Next: 37%
Magic:  5/19       EV: 21    Int: 21    God:    Gozag
Gold:   1032       SH:  0    Dex: 16    Spells: 8/20 levels left
                                        Lives:  0   Deaths: 2

rFire   . . .        (weapon unavailable)
rCold   . . .        (shield unavailable)
rNeg    . . .        (body armour unavailable)
rPois   .            (helmet unavailable)
rElec   .            (cloak unavailable)
rCorr   +            (gloves unavailable)
SInv    +            (boots unavailable)
Will    +....        (no amulet)
Stlth   ++           j - ring of resist corrosion
HPRegen 0.26/turn    n - ring of wizardry
MPRegen 0.16/turn

%: wizardry (x1)
@: quick
A: very small, claws 1, fangs 3, see invisible, speed 1, shaggy fur 2, stealthy
paws, no weapons or thrown items, no armour, multi-lived
a: Renounce Religion, Potion Petition, Call Merchant, Bribe Branch


You were on level 7 of the Dungeon.
You worshipped Gozag.
Gozag was most pleased with you.
You visited 2 branches of the dungeon, and saw 9 of its levels.
You also visited: Sewer.

You collected 1087 gold pieces.
You paid 55 gold pieces to Gozag.

Inventory:

Jewellery
 j - a ring of resist corrosion (left paw)
 n - a ring of wizardry (right paw)
 u - an amulet of faith
Wands
 v - a wand of iceblast (1)
 x - a wand of light (7)
Scrolls
 c - 2 scrolls of enchant armour
 d - 3 scrolls of summoning
 h - 3 scrolls of blinking
 k - 3 scrolls of teleportation
 o - a scroll of noise
 r - 2 scrolls of fog
Potions
 a - a potion of enlightenment
 b - a potion of lignification
 e - a potion of attraction
 f - a potion of cancellation
 g - a potion of mutation
 i - 2 potions of heal wounds {unknown}
 l - 3 potions of haste
 m - 2 potions of curing
 p - a potion of berserk rage {unknown}
 q - a potion of resistance {unknown}
 s - a potion of invisibility {unknown}
 t - 2 potions of degeneration {unknown}
 w - a potion of brilliance {unknown}


   Skills:
 + Level 5.1 Fighting
 + Level 7.4 Dodging
 - Level 2.6 Stealth
 + Level 6.0 Spellcasting
 - Level 5.0 Hexes
 + Level 7.1 Summonings
 + Level 4.3 Translocations
 * Level 5.9 Air Magic


You had 8 spell levels left.
You knew the following spells:

 Your Spells              Type           Power      Damage    Failure   Level
c - Call Imp              Summ           72%        N/A       1%          2
d - Call Canine Familiar  Summ           36%        N/A       1%          3
g - Summon Guardian Gole  Hex/Summ       31%        N/A       1%          3
l - Summon Lightning Spi  Summ/Air       33%        N/A       2%          4

Your spell library contained the following spells:

 Spells                   Type           Power      Damage    Failure   Level
 Slow                     Hex            100%       N/A       1%          1
 Summon Small Mammal      Summ           100%       N/A       1%          1
 Blink                    Tloc           48%        N/A       1%          2
 Lesser Beckoning         Tloc           48%        N/A       1%          2
 Confusing Touch          Hex            27%        N/A       1%          3
 Momentum Strike          Conj/Tloc      30%        3d8       2%          2
 Dazzling Flash           Conj/Hex       32%        N/A       4%          3
 Volatile Blastmotes      Fire/Tloc      30%        2d12      4%          3
 Vampiric Draining        Necr           6%         2d6       12%         3
 Leda's Liquefaction      Hex/Erth       8%         N/A       14%         4
 Iskenderun's Mystic Bla  Conj/Tloc      15%        2d5       16%         4
 Malign Gateway           Summ/Tloc      15%        N/A       95%         7
 Starburst                Conj/Fire      3%         6d3       99%         6
 Storm Form               Tmut/Air       9%         N/A       100%        7
 Maxwell's Capacitive Co  Air            15%        ∞         100%        8
 Summon Horrible Things   Summ           18%        N/A       100%        8
 Portal Projectile        Hex/Tloc       Unusable   N/A       N/A         3

Dungeon Overview and Level Annotations

Branches:
Dungeon (8/15)             Temple (1/1) D:4           Sewer (visited)
   Lair: D:8-11

Altars:
Ashenzari
Cheibriados
Dithmenos
Elyvilon
Fedhas
Gozag
Hepliaklqana
Kikubaaqudgha
Makhleb
Nemelex Xobeh
Okawaru
Qazlal
Ru
Sif Muna
Trog
Uskayaw
Vehumet
Wu Jian
Xom
Yredelemnul
Zin
The Shining One

Shops:
D:1 (   D:3 ([(


Innate Abilities, Weirdness & Mutations

You have sharp claws.
You have razor-sharp teeth.
You have supernaturally acute eyesight. (SInv)
You cover ground quickly. (Speed+)
You are covered in thick fur. (AC +2)
Your paws help you pounce on unaware monsters.
You are incapable of wielding weapons or throwing items.
You cannot wear armour.
You gain extra lives every three experience levels.


Message History

t - Meow!
Orders for allies: a - Attack new target. r - Retreat! s - Stop attacking. g - Guard the area. f - Follow me.
Anything else - Cancel.
Gang up on whom?
Press: ? - help, Dir - move target, f - rust devil
Aim: a rust devil Attack!
The orc warrior completely misses you.
Your cerulean imp hits the orc warrior but does no damage.
Casting: Summon Guardian Golem (safe; 1% risk of failure)
Confirm with . or Enter, or press ? or * to list all spells.
The orc warrior hits you from afar with a +0 trident!
The orc warrior hits your guardian golem with a +0 long sword!
The rust devil hits your guardian golem.
The rust devil corrodes your guardian golem!
Your cerulean imp barely misses the orc warrior.
Casting: Call Canine Familiar (safe; 1% risk of failure)
Confirm with . or Enter, or press ? or * to list all spells.
An electric hum fills the air.
Your wolf closely misses the orc warrior.
The orc warrior barely misses you.
The orc warrior hits your guardian golem with a +0 long sword!
The rust devil hits your guardian golem.
Your guardian golem seems to be corroded for longer.
Your guardian golem overheats!
Your cerulean imp hits the orc warrior with a -1 spear.
Okay, then.
Okay, then.
Okay, then.
Your wolf bites the orc warrior.
The orc warrior completely misses you.
The orc warrior hits your guardian golem with a +0 long sword!
Flame seeps out of your guardian golem.
Your wolf bites the orc warrior.
The rust devil hits your guardian golem!
Your guardian golem disappears in a puff of smoke!
Your guardian golem explodes!
The fiery explosion engulfs you!!
Ouch! That really hurt!
You die...
Your body crumbles into a pile of gold.

#..........................)..>.
#########..#.###.#..###.........
#..#.###......#.....##.. #######
#..#.##...###...######.. ......#
#.)#.#..### ###..#...... ......#
#.<#.#.##)#+#)##.#.##..# ......#
#.##...#♣5....♣#...##..# ......#
#.....##8o.....##..##..# ......#
#####.#@○o48... #..##..# ......#
#.##h4.....##..##..# ......#
#..#♣.....♣#...##..# ......#
##.##)#+#)##.#.##..# ......#
#..### ###..#.##..# ......#
#....###...##.##..# ......#
#.##......#.#.##... ......#
#.............###.# ......#
##.######.#...###.#


You could see 2 rust devils, 2 orc warriors, a friendly wolf (summoned,
sheltered), a friendly lightning spire (summoned, sheltered) and a friendly
cerulean imp (summoned, sheltered).

Vanquished Creatures
  A sky beast (D:7)
  An orc wizard (D:8)
  2 orcs
  A frilled lizard (D:1)
  A rat (D:3)
6 creatures vanquished.

Vanquished Creatures (collateral kills)
  Sigmund (D:4)
  A steam dragon (D:6)
  3 water moccasins
  3 sky beasts
  4 ice beasts
  Pargi (D:4)
  A black bear (D:6)
  3 centaurs
  A phantom (D:5)
  2 kobold brigands
  A bullfrog (D:6)
  2 scorpions
  A wight (D:8)
  A howler monkey (D:5)
  A hound (D:5)
  6 orc priests
  A sleepcap (D:6)
  3 orc wizards
  Terence (D:3)
  Ijyb (D:5)
  9 adders
  A gnoll (D:1)
  2 river rats (D:6)
  A shadow imp (D:5)
  3 white imps
  3 ufetubi
  2 worms (D:2)
  36 orcs
  11 ball pythons
  3 bats
  10 endoplasms
  5 giant cockroaches
  4 goblins
  8 hobgoblins
  9 jackals
  5 quokkas
  7 frilled lizards
  10 kobolds
  3 rats
170 creatures vanquished.

Vanquished Creatures (others)
  A hornet (D:8)
  Edmund (D:4)
  A water moccasin (D:7)
  2 wights (D:8)
  Crazy Yiuf (D:4)
  An iguana (D:6)
  An orc wizard (D:8)
  An orc (D:8)
9 creatures vanquished.

Grand Total: 185 creatures vanquished

Notes
Turn   | Place    | Note
-------+----------+-------------------------------------------
     0 | D:1      | avis the Felid Summoner began the quest for the Orb.
     0 | D:1      | Reached XP level 1. HP: 7/7 MP: 4/4
   363 | D:1      | Found Zanep's Antique Weapon Boutique.
   481 | D:1      | Reached XP level 2. HP: 11/11 MP: 3/6
   683 | D:1      | Learned a level 2 spell: Call Imp
   757 | D:1      | Reached XP level 3. HP: 14/14 MP: 6/8
   780 | D:1      | Learned a level 3 spell: Call Canine Familiar
  2204 | D:2      | Reached XP level 4. HP: 18/18 MP: 3/9
  2208 | D:2      | Learned a level 3 spell: Summon Guardian Golem
  2477 | D:3      | Found Onuwnaw's Antique Armour Boutique.
  2538 | D:3      | Found Rirchi's Weapon Shop.
  2729 | D:3      | Found Liugrell's Antique Weapon Boutique.
  2770 | D:3      | Slain by an orc
  2771 | D:3      | Reached XP level 3. HP: 0/14 MP: 6/8
  2881 | D:3      | Reached skill level 1 in Hexes
  2881 | D:3      | Reached XP level 4. HP: 16/18 MP: 6/10
  2914 | D:3      | Noticed Terence
  3217 | D:3      | Killed Terence
  3218 | D:3      | Reached skill level 1 in Fighting
  3218 | D:3      | Reached skill level 5 in Summonings
  3661 | D:4      | Reached XP level 5. HP: 22/22 MP: 0/11
  3689 | D:4      | Found a runed translucent door.
  3690 | D:4      | Noticed Crazy Yiuf
  3749 | D:4      | Killed Crazy Yiuf
  3869 | D:4      | Noticed Edmund
  3886 | D:4      | Killed Edmund
  3887 | D:4      | Gained mutation: You are covered in thick fur. (AC +2)
                  | [Felid growth]
  3887 | D:4      | Reached XP level 6. HP: 26/26 MP: 7/13
  3958 | D:4      | Found a staircase to the Ecumenical Temple.
  3970 | Temple   | Entered the Ecumenical Temple
  4197 | Temple   | Became a worshipper of Gozag Ym Sagoz the Greedy
  4355 | D:4      | Learned a level 4 spell: Summon Lightning Spire
  4490 | D:4      | Noticed Sigmund
  4505 | D:4      | Killed Sigmund
  4506 | D:4      | Reached skill level 1 in Air Magic
  4506 | D:4      | Reached XP level 7. HP: 30/30 MP: 10/14
  4627 | D:4      | Noticed Pargi
  4638 | D:4      | Killed Pargi
  5049 | D:5      | Entered Level 5 of the Dungeon
  5392 | D:5      | Reached skill level 5 in Dodging
  5429 | D:5      | Noticed Ijyb
  5451 | D:5      | Killed Ijyb
  5562 | D:5      | Reached skill level 5 in Hexes
  5562 | D:5      | Reached XP level 8. HP: 34/34 MP: 13/16
  6436 | D:6      | Reached skill level 5 in Spellcasting
  6447 | D:6      | Found a glowing drain.
  6474 | Sewer    | Entered a sewer
  7295 | D:6      | HP: 1/36 [something] (11)]
  7458 | D:6      | Killed from afar by a steam dragon
  7459 | D:6      | Reached XP level 7. HP: -3/31 MP: 9/15
  7574 | D:6      | Reached skill level 1 in Translocations
  7864 | D:6      | Reached XP level 8. HP: 33/36 MP: 5/17
  9324 | D:7      | Reached skill level 5 in Air Magic
  9631 | D:7      | Found a shimmering altar of Xom.
  9636 | D:7      | Found a bloodstained altar of Trog.
 10515 | D:8      | Reached XP level 9. HP: 33/39 MP: 9/18
 10696 | D:8      | Reached skill level 5 in Fighting
 11157 | D:7      | Noticed a rust devil
 11157 | D:7      | Noticed a rust devil
 11164 | D:7      | Killed by an exploding themself... ignited by their inner
                  | flame

Illustrated notes

Levels and vault maps discovered:
D:1:      dpeg_arrival_long_road, layout_rooms, serial_shops,
          nicolae_shop_overgrown_old_shop, minmay_misc_feat_iff
D:2:      layout_basic, minmay_tripent
D:3:      layout_loops_ring, serial_shops, nicolae_shop_crystal, shop,
          nicolae_shop_statue_plus, uniq_terence
D:4:      layout_rooms, minmay_temple_entry_junction, chequers_garden,
          amcnicky_mini_rare_corridor_liquid, grunt_decor_arrowhead,
          kennysheep_boxes, uniq_sigmund, uniq_edmund, uniq_crazy_yiuf_cottage,
          uniq_pargi
D:5:      layout_cave_pools, uniq_ijyb
D:6:      layout_basic, cheibrodos_sewer_entry_sluice
D:7:      cheibrodos_iron_armory, layout_basic, mainiacjoe_overflow_big_doors
D:8:      layout_basic
Temple:   nicolae_temple_bog_church

Skill      XL: |  1  2  3  4  5  6  7  8  9 |
---------------+----------------------------+-----
Spellcasting   | 3 4 5 6 |  6.0
Hexes          | 1 3 4 5 |  5.0
Dodging        | 3 4 5 7 |  7.4
Fighting       | 1 2 4 5 |  5.1
Summonings     | 5 6 7 |  7.1
Air Magic      | 1 2 5 |  5.9
Translocations | 1 3 4 |  4.3
Stealth        | |  2.6

Action                     |  1- 3 |  4- 6 |  7- 9 || total
---------------------------+-------+-------+-------++-------
  Melee: Unarmed           |    10 |     4 |    11 ||    25
         Bite              |       |     1 |       ||     1
   Cast: Summon Small Mamm |    43 |     9 |     9 ||    61
         Call Imp          |    14 |    21 |    38 ||    73
         Call Canine Famil |    11 |    19 |    51 ||    81
         Summon Guardian G |       |     8 |    38 ||    46
         Summon Lightning  |       |       |    19 ||    19
  Evoke: Wand              |       |       |     4 ||     4
    Use: Potion            |       |     2 |       ||     2
         Scroll            |       |     5 |    11 ||    16
   Stab: Distracted        |       |       |     1 ||     1
 Armour: Skin              |     2 |     2 |     4 ||     8
  Dodge: Dodged            |    13 |    13 |    58 ||    84

Table legend: (Time is in decaauts)
 A = Elapsed time spent in this place.
 B = Non-inter-level travel time spent in this place.
 C = Inter-level travel time spent in this place.
 D = Time resting spent in this place.
 E = Time spent auto-exploring this place.
 F = Levels seen in this place.
 G = Mean time per level.
                   A        B        C        D        E       F      G
               +--------+--------+--------+--------+--------+-----+--------+
         Total |  10054 |   9288 |    766 |   3120 |   3266 |  10 | 1005.4 |
       Dungeon |   9397 |   8650 |    747 |   3006 |   3085 |   8 | 1174.6 |
        Temple |    207 |    188 |     19 |      0 |    172 |   1 |  207.0 |
         Sewer |    450 |    450 |      0 |    114 |      9 |   1 |  450.0 |
               +--------+--------+--------+--------+--------+-----+--------+

Top non-repeatable levels by time:
     D:6: 1936 daAuts
     D:4: 1192 daAuts
     D:5: 1144 daAuts
     D:1: 1103 daAuts
     D:2: 1055 daAuts
     D:7: 1055 daAuts
     D:3: 1054 daAuts
     D:8: 856 daAuts
   Sewer: 450 daAuts
  Temple: 207 daAuts
